 Dungeon Crawl Stone Soup version 0.13.1-36-g052d4d5 (webtiles) character file.

650 RepoMan the Gusty (level 6, -1/41 HPs)
             Began as a Demonspawn Air Elementalist on Mar 26, 2014.
             Slain by Eustachio the wolf (8 damage)
             ... on Level 5 of the Dungeon.
             The game lasted 00:46:23 (3764 turns).

RepoMan the Gusty (Demonspawn Air Elementalist)     Turns: 3764, Time: 00:46:23

HP  -1/41        AC  4     Str 11      XL: 6   Next: 79%
MP   0/12        EV 13     Int 21      God:
Gold 187         SH  0     Dex 16      Spells:  3 memorised,  6 levels left

Res.Fire  : + . .   See Invis. : .   E - +0,+2 whip (reach) (curse)
Res.Cold  : . . .   Warding    : .   g - +0 robe "Nyjyg" {Str+1 Dex+3 Int+4}
Life Prot.: . . .   Conserve   : .   (no shield)
Res.Poison: .       Res.Corr.  : .   (no helmet)
Res.Elec. : .       Clarity    : .   (no cloak)
Sust.Abil.: . .     Spirit.Shd : .   (no gloves)
Res.Mut.  : .       Stasis     : .   r - +1 pair of boots
Res.Rott. : .       Flight     : .   h - amulet of the gourmand
Gourmand  : +                        z - ring of protection from magic {unknown}
                                     (no ring)

@: quick, somewhat resistant to hostile enchantments, unstealthy
A: conserve scrolls, fire resistance 1
a: no special abilities


You were on level 5 of the Dungeon.
You were completely stuffed.

You visited 1 branch of the dungeon, and saw 5 of its levels.

You collected 167 gold pieces.

Inventory:

Hand weapons
 d - a +2,+2 dagger of venom
 l - a +0,+0 halberd
 u - a +2,+2 sling of flame
 E - a cursed +0,+2 whip of reaching (weapon)
 H - a +0,+0 spear
Missiles
 f - 2 darts of flame (quivered)
 A - 37 sling bullets
Armour
 g - the cursed +0 robe "Nyjyg" (worn) {Str+1 Dex+3 Int+4}
   (You found it on level 4 of the Dungeon)

   It affects your strength (+1).
   It affects your intelligence (+4).
   It affects your dexterity (+3).
   It has a curse placed upon it.
 r - a +1 pair of boots (worn)
 G - a +0 buckler
Magical devices
 w - a wand of random effects (4)
Comestibles
 c - 4 bread rations
 n - a royal jelly
 C - a choko
 J - 3 pears
Scrolls
 a - a scroll of remove curse
 i - a scroll of identify
Jewellery
 e - an uncursed amulet of clarity {unknown}
 h - an amulet of the gourmand (around neck)
 k - an uncursed ring of protection from magic {unknown}
 y - an uncursed ring of fire
 z - a ring of protection from magic (right hand) {unknown}
 D - an uncursed amulet of conservation
 I - an uncursed amulet of resist mutation
Potions
 j - a potion of curing
 F - a potion of flight
Books
 b - a book of Air

   Spells                             Type                      Level
   *Shock                             Conjuration/Air              1
   *Swiftness                         Charms/Air                   2
   *Repel Missiles                    Charms/Air                   2
   Flight                             Charms/Air                   3
   Static Discharge                   Conjuration/Air              3
   Lightning Bolt                     Conjuration/Air              5


   Skills:
 + Level 3.3 Dodging
 - Level 1.7 Stealth
 + Level 3.1 Spellcasting
 + Level 2.9 Conjurations
 * Level 4.9 Air Magic


You had 6 spell levels left.
You knew the following spells:

 Your Spells              Type           Power        Failure   Level  Hunger
a - Shock                 Conj/Air       ###.         2%          1    None
b - Swiftness             Chrm/Air       ##........   10%         2    ##.....
c - Repel Missiles        Chrm/Air       ##........   10%         2    ##.....


Dungeon Overview and Level Annotations

Branches:
Dungeon (5/27)
 Temple: D:4-7

Altars:

Annotations:
D:3 Sigmund
D:4 Prince Ribbit
D:5 Eustachio


Innate Abilities, Weirdness & Mutations

You are very good at protecting items from fire.
Your flesh is heat resistant.


Message History

You feel quick. Eustachio barely misses you. Eustachio barely misses you.
Eustachio bites you.
* * * LOW HITPOINT WARNING * * *
You see here a gnoll corpse.
Evoke which item? (* to show all) (? for menu, Esc to quit)
Zapping:
w - a wand of random effects {zapped: 9}
Press: ? - help, Shift-Dir - straight line, f/p - Eustachio
Aim: Eustachio the wolf (heavily wounded) Eustachio flickers and vanishes!
Deactivating autopickup; reactivate with Ctrl-A.
It barely misses you. It bites you.
* * * LOW HITPOINT WARNING * * *
Read which item? (? for menu, Esc to quit)
Okay, then.
Evoke which item? (* to show all) (? for menu, Esc to quit)
Zapping:
w - a wand of random effects {zapped: 10}
Press: ? - help, Shift-Dir - straight line Nothing appears to happen.
It bites you!
You die...

##.# #.. #.. #.# #.#
####.##### #.)......#
#.##.###.# @ #.##@# #.#
#..## #.##%###.# #.....
#.##...#.#
##....######........###
...........)...........+
#......<.######....####
#.#.#.##.# #...## #. #.#
#.### # #.# ####.####


There were no monsters in sight!

Vanquished Creatures
  An ogre (D:4)
  A crimson imp (D:5)
  A scorpion (D:4)
  3 orc priests
  An iguana (D:4)
  A worker ant (D:5)
  7 gnolls
  5 adders
  A giant mite (D:4)
  A worm (D:4)
  2 grey rats (D:5)
  5 orcs
  6 hobgoblins
  3 jackals (D:4)
  5 kobolds
  A ball python (D:1)
  13 bats
  A giant cockroach (D:4)
  2 giant geckos
  5 giant newts
  8 goblins
  2 orc skeletons (D:4)
  A quokka (D:4)
  8 rats
84 creatures vanquished.

Vanquished Creatures (others)
  3 butterflies (D:4)
3 creatures vanquished.

Grand Total: 87 creatures vanquished

Notes
Turn   | Place    | Note
--------------------------------------------------------------
     0 | D:1      | RepoMan, the Demonspawn Air Elementalist, began the quest for the Orb.
     0 | D:1      | Reached XP level 1. HP: 13/13 MP: 3/3
   628 | D:1      | Gained mutation: You are very good at protecting items from fire. [demonic ancestry]
   628 | D:1      | Reached XP level 2. HP: 19/19 MP: 2/4
   635 | D:1      | Learned a level 2 spell: Swiftness
   659 | D:1      | Reached skill level 3 in Air Magic
  1159 | D:2      | Gained mutation: Your flesh is heat resistant. [demonic ancestry]
  1159 | D:2      | Reached XP level 3. HP: 24/24 MP: 1/6
  2036 | D:3      | Reached XP level 4. HP: 18/30 MP: 0/7
  2320 | D:3      | Noticed Sigmund
  2492 | D:4      | Noticed Prince Ribbit
  2599 | D:4      | Got a steaming robe
  2633 | D:4      | Noticed a slave
  2739 | D:4      | Reached XP level 5. HP: 28/35 MP: 2/9
  2800 | D:4      | Learned a level 2 spell: Repel Missiles
  2934 | D:4      | Reached skill level 4 in Air Magic
  3147 | D:4      | Identified the +0 robe "Nyjyg" {Str+1 Dex+3 Int+4} (You found it on level 4 of the Dungeon)
  3359 | D:4      | Reached XP level 6. HP: 41/41 MP: 8/12
  3381 | D:4      | Noticed an ogre
  3451 | D:4      | Killed an ogre
  3626 | D:4      | Noticed a slave
  3673 | D:5      | Entered Level 5 of the Dungeon
  3675 | D:5      | Noticed Eustachio
  3752 | D:5      | Noticed Eustachio
  3764 | D:5      | Slain by Eustachio the wolf

Action                   |  1- 3 |  4- 6 || total
-------------------------+-------+-------++-------
Melee: Unarmed           |    10 |     4 ||    14
       Spear             |       |     4 ||     4
       Whip              |       |     9 ||     9
 Cast: Shock             |    56 |   107 ||   163
       Swiftness         |       |     4 ||     4
Evoke: Wand              |     1 |    10 ||    11
  Use: Scroll            |       |    13 ||    13
